Map: King's Cove LE

Players

Serral - Winner!

  • Race: Zerg Zerg
  • League: Grandmaster
  • Spawn Location: 11:00

SouLeer

  • Race: Zerg Zerg
  • League: Master
  • Spawn Location: 5:00

Event: HomeStory Cup XIX

VOD

Have the link to the VOD?

Description

Time

  • Played on: June 27, 2019, 1:55 p.m.
  • Length: 6:26

All games in this series

Show
View Real Time Build Order
Export as new Build Order

Serral Zerg - Winner!

Build Orders: Hatch First 

Get SALT Encoding   

  12  0:00  Drone  
  13  0:12  Overlord  
  13  0:18  Drone  
  14  0:31  Drone x2  
  16  0:50  Hatchery  
  16  0:52  Drone  
  16  0:56  Drone  
  17  1:00  Drone  
  18  1:10  Extractor  
  17  1:15  Spawning Pool  
  16  1:18  Drone  
  16  1:21  Drone  
  18  1:28  Drone  
  19  1:39  Drone  
  20  1:49  Overlord  
  20  2:02  Queen x2  
  20  2:03  Zergling x4  
  26  2:10  Metabolic Boost  
  26  2:11  Drone  
  26  2:14  Drone  
  28  2:22  Drone  
  29  2:25  Zergling x2  
  30  2:38  Hatchery  
  30  2:41  Zergling x2  
  30  2:47  Drone x2  
  32  2:52  Baneling Nest  
  32  2:57  Overlord  
  31  3:01  Drone  
  31  3:03  Drone  
  33  3:11  Drone  
  34  3:14  Zergling x4  
  34  3:16  Zergling x4  
  34  3:18  Zergling x2  
  39  3:24  Zergling x4  
  39  3:25  Zergling x2  
  42  3:27  Zergling x2  
  43  3:37  Baneling x2  
  43  3:38  Baneling x2  
  43  3:41  Overlord  
  43  3:46  Zergling x2  
  44  3:48  Overlord  
  44  3:50  Baneling x2  
  44  3:53  Drone x3  
  48  3:55  Drone  
  48  3:58  Drone  
  48  4:00  Drone  
  48  4:02  Drone  
  48  4:13  Extractor, Roach Warren  
  48  4:16  Drone x2  
  43  4:21  Zergling x6  
  45  4:28  Zergling x2  
  44  4:35  Queen  
  45  4:44  Drone x2  
  47  4:50  Overlord  
  46  4:54  Roach x6  
  46  4:59  Zergling x2  
  59  5:02  Evolution Chamber  
  59  5:05  Baneling  
  59  5:06  Drone  
  59  5:07  Drone x2  
  61  5:09  Drone  
  61  5:19  Roach x5  
  71  5:26  Baneling x4  
  71  5:30  Overlord  
  71  5:34  Zergling x6  
  74  5:36  Overlord  
  74  5:39  Overlord  
  74  5:52  Zergling x4  
  74  5:53  Zergling x12  
  76  6:01  Zergling x6  
  76  6:09  Evolution Chamber  
Show
View Real Time Build Order
Export as new Build Order

SouLeer Zerg 

Build Orders: Hatch First 

Get SALT Encoding   

  12  0:00  Drone  
  13  0:12  Overlord  
  13  0:17  Drone  
  14  0:31  Drone x2  
  16  0:49  Hatchery  
  15  0:52  Drone  
  15  0:56  Drone  
  17  0:59  Drone  
  18  1:09  Extractor  
  17  1:14  Spawning Pool  
  17  1:18  Drone  
  17  1:21  Drone  
  18  1:28  Drone  
  19  1:39  Overlord  
  19  2:01  Zergling x2, Queen x2  
  21  2:02  Zergling x2  
  21  2:03  Zergling x2  
  26  2:09  Metabolic Boost  
  26  2:13  Drone  
  27  2:16  Drone  
  29  2:22  Drone  
  29  2:23  Drone  
  30  2:32  Drone  
  30  2:33  Drone  
  32  2:47  Hatchery  
  32  2:49  Drone  
  32  2:53  Drone  
  32  2:56  Drone x2  
  35  3:04  Overlord  
  35  3:12  Roach Warren  
  34  3:14  Zergling x4  
  34  3:19  Overlord  
  36  3:22  Extractor  
  36  3:24  Drone x2  
  36  3:25  Drone  
  38  3:28  Drone  
  38  3:30  Drone  
  40  3:35  Zergling x2  
  40  3:38  Zergling x2  
  40  3:39  Zergling x2  
  43  3:42  Zergling x4  
  43  3:46  Zergling x4  
  47  3:49  Zergling x2  
  47  3:53  Roach  
  50  3:56  Roach  
  50  3:59  Roach  
  51  4:07  Roach  
  51  4:08  Roach  
  48  4:17  Roach x2  
  48  4:18  Roach  
  48  4:23  Ravager  
  52  4:25  Zergling x6  
  52  4:26  Zergling x2  
  50  4:33  Roach x2  
  50  4:36  Roach  
  55  4:39  Roach  
  56  4:50  Roach, Overlord  
  57  4:53  Overlord  
  57  5:02  Zergling x2  
  57  5:03  Overlord  
  57  5:07  Overlord  
  58  5:10  Zergling x4  
  58  5:12  Zergling x2  
  60  5:14  Zergling x2  
  60  5:15  Zergling x2  
  60  5:18  Zergling x2  
  61  5:23  Zergling x6  
  61  5:25  Zergling x2  
  61  5:27  Zergling x2  
  66  5:32  Ravager x3  
  66  5:34  Zergling x4  
  70  5:36  Zergling x2  
  70  5:39  Zergling x2  
  70  5:40  Zergling x2  
  70  5:42  Zergling x2  
  74  5:45  Zergling x4  
  75  5:52  Zergling x6  
  64  5:59  Zergling x6  
  52  6:05  Zergling x4  
  52  6:06  Zergling x6  
Tags
 
Add a new tag
Caveats
  • Supply blocks, unpowered buildings, or Contaminate may cause inaccurate times.
  • Supply counts are checked every 10 seconds.